 Dungeon Crawl Stone Soup version 0.19.0-16-g73b5abf (webtiles) character file.

481 Leibowitz the Spear-Bearer (level 7, 0/53 HPs)
             Began as a Merfolk Gladiator on Nov 10, 2016.
             Slain by an ice beast (12 damage)
             ... on level 4 of the Dungeon.
             The game lasted 00:11:29 (5381 turns).

Leibowitz the Spear-Bearer (Merfolk Gladiator)      Turns: 5381, Time: 00:11:29

Health: 0/53       AC:  5    Str: 15    XL:     7   Next: 12%
Magic:  7/7        EV: 14    Int:  8    God:
Gold:   98         SH:  0    Dex: 16    Spells: 0 memorised, 6 levels left

rFire  + . .     SeeInvis .     a - +0 trident
rCold  . . .     Gourm    .     b - +0 leather armour
rNeg   . . .     Faith    .     (no shield)
rPois  .         Spirit   .     c - +0 helmet
rElec  .         Reflect  .     y - +0 cloak
rCorr  .         Harm     .     (no gloves)
MR     +....                    (no boots)
Stlth  ++........               (no amulet)
                                r - ring of protection from magic
                                j - ring of protection from fire

@: drained
A: change form in water, swift swim, stealthy swim
a: no special abilities


You were on level 4 of the Dungeon.
You were not hungry.

You visited 2 branches of the dungeon, and saw 6 of its levels.

You collected 254 gold pieces.
You spent 156 gold pieces at shops.

Inventory:

Hand Weapons
 a - a +0 trident (weapon)
 u - a +1 hand axe of flaming
Missiles
 d - 3 throwing nets (quivered)
 i - 32 poisoned needles
 o - 2 javelins
Armour
 b - a +0 leather armour (worn)
 c - a +0 helmet (worn)
 y - a +0 cloak (worn)
Jewellery
 j - a ring of protection from fire (left hand)
 r - a ring of protection from magic (right hand)
Wands
 A - a wand of confusion (5/48)
 E - a wand of polymorph (10/24)
Scrolls
 e - 3 scrolls of recharging {unknown}
 g - 5 scrolls of remove curse {unknown}
 l - a scroll of random uselessness {unknown}
 n - 3 scrolls of enchant armour {unknown}
 p - 3 scrolls of identify {unknown}
 s - 2 scrolls of teleportation {unknown}
 x - a scroll of fog {unknown}
 C - a scroll of fear {unknown}
Potions
 k - a potion of mutation {unknown}
 m - 3 potions of curing
 t - 3 potions of cancellation {unknown}
 v - a potion of invisibility
 w - a potion of heal wounds
 z - a potion of might {unknown}
 B - a potion of berserk rage {unknown}
 F - a potion of haste {unknown}
 G - a potion of flight {unknown}
Comestibles
 f - 3 bread rations
 h - 2 meat rations
 q - a royal jelly
 D - 2 beef jerkies
 H - 4 chunks of flesh


   Skills:
 + Level 3.8(3.1) Fighting
 + Level 8.0(7.2) Polearms
 + Level 2.0(1.3) Throwing
 + Level 1.9(1.2) Armour
 + Level 5.3(4.5) Dodging
 + Level 2.1(1.3) Stealth


You had 6 spell levels left.
You didn't know any spells.

Dungeon Overview and Level Annotations

Branches:
Dungeon (5/15)             Temple (1/1) D:4

Altars:
Ashenzari
Cheibriados
Dithmenos
Elyvilon
Fedhas
Kikubaaqudgha
Makhleb
Nemelex Xobeh
Qazlal
Ru
Sif Muna
Trog
Uskayaw
Vehumet
Xom
Yredelemnul
Zin

Shops:
D:4 [!

Annotations:
D:5 Timinator's ghost, novice SpEn


Message History

The ice beast hits you. The ice beast freezes you.
* * * LOW HITPOINT WARNING * * *
You hit the ice beast.
The ice beast is moderately wounded.
The ice beast closely misses you.
You hit the ice beast but do no damage.
The ice beast is moderately wounded.
The ice beast hits you but does no damage.
You closely miss the ice beast.
The ice beast is moderately wounded.
The ice beast closely misses you.
You hit the ice beast.
The ice beast is heavily wounded.
The ice beast completely misses you.
You hit the ice beast.
The ice beast is severely wounded.
The ice beast hits you.
* * * LOW HITPOINT WARNING * * *
The ice beast freezes you!
You die...

###### #....#
###########.##.#
#...........##.#
####.############.#
..............[>#.#
####.##########Y#.#
#.....######.@.#
#####.#..<######
#.#.### #######.#.#
#.......#∩#######
#...........^...###
#..........[....'.#
##.##............#.#
##.##.........####.#


You could see an ice beast.

Vanquished Creatures
  A sky beast (D:4)
  A hound (D:5)
  2 orc wizards (D:4)
  A bullfrog skeleton (D:4)
  A centaur skeleton (D:5)
  Terence (D:3)
  A worker ant (D:4)
  Robin (D:3)
  6 adders
  A worm (D:4)
  A dart slug (D:1)
  A leopard gecko (D:2)
  19 orcs
  2 ball pythons (D:1)
  10 bats
  6 giant cockroaches
  14 goblins
  10 hobgoblins
  5 jackals
  A quokka (D:2)
  A ball python skeleton (D:4)
  4 frilled lizards
  6 kobolds
  A leopard gecko skeleton (D:4)
  A quokka skeleton (D:5)
  11 rats
109 creatures vanquished.

Notes
Turn   | Place    | Note
-------+----------+-------------------------------------------
     0 | D:1      | Leibowitz the Merfolk Gladiator began the quest for the Orb.
     0 | D:1      | Reached XP level 1. HP: 16/16 MP: 1/1
   171 | D:1      | Reached XP level 2. HP: 18/22 MP: 2/2
   414 | D:1      | Reached skill level 5 in Polearms
  1019 | D:1      | Reached XP level 3. HP: 27/27 MP: 3/3
  1471 | D:2      | Reached XP level 4. HP: 11/34 MP: 4/4
  1823 | D:2      | Found a sacrificial altar of Ru.
  1923 | D:3      | Reached skill level 1 in Stealth
  1977 | D:3      | Noticed Robin
  2346 | D:4      | Reached skill level 1 in Armour
  2359 | D:4      | Reached skill level 6 in Polearms
  2383 | D:3      | Killed Robin
  2855 | D:3      | Reached XP level 5. HP: 39/39 MP: 5/5
  3060 | D:3      | Noticed Terence
  3091 | D:3      | HP: 2/40 [Terence/hand axe of flaming (1)]
  3094 | D:3      | Killed Terence
  3469 | D:4      | Found Ifovou's Distillery.
  3479 | D:4      | Reached skill level 7 in Polearms
  3483 | D:4      | Bought a potion of invisibility for 96 gold pieces
  3483 | D:4      | Bought a potion of heal wounds for 60 gold pieces
  3505 | D:4      | Reached skill level 5 in Dodging
  3557 | D:4      | Reached XP level 6. HP: 28/47 MP: 6/6
  3872 | D:4      | Found a staircase to the Ecumenical Temple.
  3880 | D:4      | Found Fyw Bivepha's Armour Shop.
  3893 | Temple   | Entered the Ecumenical Temple
  4542 | D:5      | Entered Level 5 of the Dungeon
  4545 | D:5      | Noticed Timinator's ghost (novice SpEn)
  5026 | D:5      | Noticed a sky beast
  5221 | D:4      | Killed a sky beast
  5314 | D:4      | Reached XP level 7. HP: 44/53 MP: 7/7
  5360 | D:4      | Reached skill level 8 in Polearms
  5381 | D:4      | Slain by an ice beast

Skill      XL: |  1  2  3  4  5  6  7 |
---------------+----------------------+-----
Polearms       | 5 6 7 8 |  8.0
Stealth        | 1 2 |  2.1
Armour         | 1 |  1.9
Fighting       | 3 |  3.8
Dodging        | 5 |  5.3
Throwing       | |  2.0

Action                   |  1- 3 |  4- 6 |  7- 9 || total
-------------------------+-------+-------+-------++-------
Melee: Trident           |   137 |   323 |    16 ||   476
Throw: Throwing net      |       |     1 |       ||     1
  Use: Potion            |     1 |       |       ||     1
 Stab: Sleeping          |     5 |     5 |       ||    10
       Held in net/web   |       |     1 |       ||     1
       Distracted        |       |       |     1 ||     1
  Eat: Chunk             |     2 |    12 |     1 ||    15
Armor: Leather armour    |    74 |    58 |     4 ||   136
Dodge: Dodged            |   124 |   179 |     6 ||   309
